Unix NetHack Version 5.0.0-0 post-release - last build May 22 2026 02:22:16 (99d1c3b6dc4b13757aaa5824b55bdea4e1e63757,branch:main).

Game began 2026-05-21 16:24:33, ended 2026-05-22 18:31:05.

Hekik, neutral male gnomish Wizard

    ---          -----------------------------------------
    |..--      ---............*....*.........%....*..**..|
    |....--    |.....----------------#------------------.|
     -.....- ---....0|.*......0    ........            |.-------  |
    --......--.......|.-------------....*.------------ |..........-
    |................|*|.(.|...|.(.|......|..|(..|...| |.---.----     ---
    |................#.|..*|%...0..|........ |...|...|.|.--...|       ..|.-
    -- |...........<(|.|...|...|...|......|  |.......|.#......|      .....|
       --..............|...|.%.|-|--......-----+---.--.|......|    -......|
        -.....--.....|.--.---%--.............`.....`...|......----........|
      ........ |.....|..).).F[%.....'@..f[...{..0...0..|..................|
    |......... ---...|0--$---|--.....--...--0))........|...*........|   | |
    |.......--   ---.|  ...  ..-----.|....)|.------|--.|...........--
    --.....-       |.| |..0|...|   |.|)0...|0|..|....| |.......>..--
     |.....        |.| |0.  ...|    .|.._..|....|....| |......|.---
     -.---         |.|   .  ....   |.|.....|. 0...(..| |....-----
     .             |.|  ------------.-------.---------.|....|
    --             |.|         ...  .  0...............#....--
                   |.-----------#------------#----------.....|
                   |....................................0.|..|
                    ------------------------------------------
Hekik the Thaumaturge     St:11 Dx:17 Co:14 In:16 Wi:11 Ch:11  Neutral
Dlvl:7  $:20 HP:0(45) Pw:16(57) AC:7  Xp:7/924 T:2857 

Latest messages:
 You kill it!
 Aiul-aiun of Agrisa shoots 2 poisoned crude arrows!
 The 1st poisoned crude arrow hits the kitten.
 The 2nd poisoned crude arrow misses the kitten.
 The 2nd poisoned crude arrow misses you.
 Aiul-aiun of Agrisa shoots 2 poisoned crude arrows!
 The 1st poisoned crude arrow misses the kitten.
 You are hit by the 1st poisoned crude arrow.
 The 2nd poisoned crude arrow hits the kitten.
 #
 What do you want to call? [fkqsA-CH or ?*]
 D - a glass wand.
 You swap places with your kitten.
 You see here a poisoned crude arrow.
 Aiul-aiun of Agrisa shoots 2 poisoned crude arrows!
 You are hit by the 1st poisoned crude arrow.
 You feel weaker!
 You are hit by the 2nd poisoned crude arrow.
 What do you want to zap? [czABD or ?*]
 Nothing happens.
 In what direction?
 You feel better.
 Aiul-aiun of Agrisa shoots 2 poisoned crude arrows!
 You are hit by the 1st poisoned crude arrow.
 You are hit by the 2nd poisoned crude arrow!
 Aiul-aiun of Agrisa shoots 2 poisoned crude arrows!
 The 1st poisoned crude arrow misses you.
 You are almost hit by the 2nd poisoned crude arrow.
 Pick a monster, object or location.
 In what direction?
 The spell hits Aiul-aiun of Agrisa!
 You kill Aiul-aiun of Agrisa!
 You stop.  Your kitten is in the way!
 The kitten picks up an iron skull cap.
 $ - 20 gold pieces.
 You hit the rope golem.
 The rope golem hits!
 The rope golem hits again!
 The rope golem grabs you!
 In what direction?
 The spell misses the rope golem.
 The rope golem hits!
 The rope golem hits again!
 You are being choked.
 You die...
 Do you want your possessions identified? [ynq] (y)
 Do you want to see your attributes? [ynq] (y)
 Do you want an account of creatures vanquished? [ynaq] (y)
 Do you want to see your conduct and achievements? [ynq] (y)
 Do you want to see the dungeon overview? [ynq] (y)

Inventory:
 Coins    ('$')
  $ - 20 gold pieces
 Weapons  (')')
  h - a blessed +1 dagger (weapon in right hand)
  o - an uncursed +0 orcish dagger
  a - a blessed +1 quarterstaff (alternate weapon; not wielded)
 Armor    ('[')
  q - an uncursed +0 orcish helm (being worn)
  k - an uncursed +0 pair of low boots (being worn)
  b - an uncursed +0 cloak of magic resistance (being worn)
 Comestibles  ('%')
  E - an uncursed food ration
 Spellbooks  ('+')
  C - an uncursed spellbook of haste self
 Rings    ('=')
  d - an uncursed ring of conflict
  e - an uncursed +3 ring of gain strength (on left hand)
  l - an uncursed ring of stealth
  H - an uncursed ring of warning
 Wands    ('/')
  B - an uncursed wand of magic missile (0:0)
  c - an uncursed wand of make invisible (0:6)
  z - an uncursed wand of speed monster (0:2)
  A - an uncursed wand of striking (0:0)
  D - an uncursed wand of striking (0:0)
 Tools    ('(')
  f - an uncursed bag of holding containing 17 items
  p - an uncursed brass lantern
  m - an uncursed magic marker (0:22)
  g - an uncursed magic whistle
  s - an uncursed oil lamp

Contents of the bag of holding:
  152 gold pieces
  an uncursed scroll of amnesia
  an uncursed scroll of light
  2 uncursed scrolls of remove curse
  a cursed scroll of remove curse
  an uncursed scroll of stinking cloud
  a cursed spellbook of confuse monster
  a blessed spellbook of force bolt
  an uncursed spellbook of healing
  an uncursed spellbook of light
  an uncursed spellbook of wizard lock
  an uncursed potion of levitation
  an uncursed potion of monster detection
  a blessed potion of object detection
  a blessed potion of paralysis
  an uncursed potion of restore ability
  a cursed potion of sleeping

Hekik the Wizard's attributes:

Background:
 You were a Thaumaturge, a level 7 male gnomish Wizard.
 You were neutral, on a mission for Thoth
 who was opposed by Ptah (lawful) and Anhur (chaotic).
 You were right-handed.
 You were in the Gnomish Mines, on level 7.
 You entered the dungeon 2857 turns ago.
 You had 924 experience points, 356 more were needed to attain level 8.

Basics:
 You had 0 out of 45 hit points.
 You had 16 out of 57 energy points (spell power).
 Your armor class was 7.
 Your wallet contained 20 zorkmids, and
 you had 152 more stashed away in your pack.
 Autopickup was off.

Final Characteristics:
 Your strength was 11 (base:8, peak:9, limit:18/50).
 Your dexterity was 17 (limit:18).
 Your constitution was 14 (limit:18).
 Your intelligence was 16 (limit:19).
 Your wisdom was 11 (limit:18).
 Your charisma was 11 (limit:18).

Final Status:
 You were held by a rope golem (west).
 You weren't hungry.
 You were unencumbered.
 You were wielding a dagger.
 You were unskilled in dagger.

Final Attributes:
 You were piously aligned.
 You were magic-protected.
 You were telepathic.
 You had infravision.
 You were warded.
 You are dead.

Miscellaneous:
 You didn't encounter any bones levels.
 Total elapsed playing time was 2 hours, 12 minutes and 49 seconds.

Major events:
 Turn
    1: Hekik the neutral male gnomish Wizard entered the dungeon
 1093: attained the rank of Conjurer (level 3)
 1411: entered the Gnomish Mines
 2324: reached Mine Town
 2701: attained the rank of Thaumaturge (level 6)
 2857: killed by a rope golem

Spells:
 Name                 Level Category     Fail Retention
 force bolt             1   attack         0%   81%-90%
 wizard lock            2   matter        70%  76%-100%
 healing                1   healing        0%  76%-100%

Skills:
 Fighting Skills
   bare handed combat [Unskilled]
   riding             [Unskilled]
 Weapon Skills
   dagger             [Unskilled]
   knife              [Unskilled]
   axe                [Unskilled]
   short sword        [Unskilled]
   club               [Unskilled]
   mace               [Unskilled]
   quarterstaff       [Basic]
   polearms           [Unskilled]
   spear              [Unskilled]
   trident            [Unskilled]
   sling              [Unskilled]
   dart               [Unskilled]
   shuriken           [Unskilled]
 Spellcasting Skills
   attack spells      [Basic]
   healing spells     [Unskilled]
   divination spells  [Unskilled]
   enchantment spells [Basic]
   clerical spells    [Unskilled]
   escape spells      [Unskilled]
   matter spells      [Unskilled]

Voluntary challenges:
 Character rerolling was not enabled.
 You never genocided any monsters.
 You never polymorphed an object.
 You never changed form.
 You used no wishes.
Achievements:
 You entered a shop.
 You attained the rank of Conjurer.
 You entered the Gnomish Mines.
 You entered Minetown.
 You attained the rank of Thaumaturge.

 The Dungeons of Doom: levels 1 to 4
    Level 1:
    Level 2:
       A general store.
    Level 3:
       A general store.
    Level 4:
       Stairs down to The Gnomish Mines.
 The Gnomish Mines: levels 5 to 8
    Level 5:
    Level 6:
    Level 7: <- You were here.
       An altar, some fountains.
       Final resting place for
          you, killed by a rope golem.
    Level 8:


Vanquished creatures:
  a brown pudding
  2 Mordor orcs
  3 Uruk-hai
  5 orc shamans
  a rock piercer
  a pony
  a fog cloud
  a shrieker
  a gnome leader
  a gray ooze
  3 floating eyes
  3 dwarves
  a kobold leader
  a kobold shaman
 10 hill orcs
  2 rothes
  a giant bat
  a monkey
  a hobbit
  a hobgoblin
  2 giant rats
  2 cave spiders
  a brown mold
  a yellow mold
  a gnome
  5 geckos
  7 jackals
  2 foxes
  2 sewer rats
  6 grid bugs
  6 lichens
  a kobold zombie
  4 newts
81 creatures vanquished.

No species were genocided or became extinct.

Game over:
                       ----------
                      /          \
                     /    REST    \
                    /      IN      \
                   /     PEACE      \
                  /                  \
                  |      Hekik       |
                  |      172 Au      |
                  | killed by a rope |
                  |      golem       |
                  |                  |
                  |                  |
                  |       2026       |
                 *|     *  *  *      | *
        _________)/\\_//(\/(/\)/\//\/|_)_______

Goodbye Hekik the Wizard...

You died in The Gnomish Mines on dungeon level 7 with 2935 points,
and 172 pieces of gold, after 2857 moves.
You were level 7 with a maximum of 45 hit points when you died.

